 Dungeon Crawl Stone Soup version 0.29.0-4-gdea44cf6ec (webtiles) character file.

Game seed: 11889457073391386947

800 qw the Cleaver (level 7, -24/41 HPs)
             Began as a Tengu Warper on Aug 28, 2022.
             Killed from afar by an acid dragon (29 damage)
             ... with a splash of acid
             ... on level 5 of the Dungeon.
             The game lasted 00:00:32 (6396 turns).

qw the Cleaver (Tengu Warper)                       Turns: 6396, Time: 00:00:33

Health: -24/41     AC:  7    Str: 14      XL:     7   Next: 90%
Magic:  11/11      EV:  5    Int: 13      God:
Gold:   139        SH:  6    Dex: 12 (13) Spells: 10/10 levels left

rFire   + . .      SeeInvis .   c - +0 war axe
rCold   . . .      Faith    .   g - +0 kite shield
rNeg    . . .      Spirit   .   j - +3 chain mail
rPois   .          Reflect  .   (helmet restricted)
rElec   .          Harm     .   (no cloak)
rCorr   .          Rampage  .   (no gloves)
Will    .....                   (boots unavailable)
Stlth   ..........              (no amulet)
HPRegen 0.13/turn               b - ring of protection from fire
MPRegen 0.12/turn               (no ring)

@: corroded, flying quickly and evasively, quick
A: beak, talons 3, nimble flight
a: no special abilities


You were on level 5 of the Dungeon.
You visited 1 branch of the dungeon, and saw 5 of its levels.

You collected 187 gold pieces.
You spent 48 gold pieces at shops.


Innate Abilities, Weirdness & Mutations

You have a beak for a mouth.
You have claws for feet.
Your magical nature lets you fly swiftly and evasively.


   Skills:
 - Level 3.4 Fighting
 - Level 8.8 Axes
 - Level 2.0 Throwing
 - Level 1.1 Armour
 - Level 2.1 Dodging
 + Level 0.0 Shields
 - Level 2.0 Spellcasting
 - Level 2.4 Translocations


You had 10 spell levels left.
You didn't know any spells.
Your spell library contained the following spells:

 Spells                   Type           Power      Damage    Failure   Level
 Blink                    Tloc           14%        N/A       100%        2
 Gell's Gravitas          Tloc           7%         N/A       100%        3
 Lesser Beckoning         Tloc           7%         N/A       100%        3
 Teleport Other           Tloc           7%         N/A       100%        3
 Manifold Assault         Tloc           7%         N/A       100%        5

Inventory:

Hand Weapons
 a - a +0 morningstar
 c - a +0 war axe (weapon)
Missiles
 h - 3 javelins (quivered)
Armour
 g - a +0 kite shield (worn)
 j - a +3 chain mail (worn)
Jewellery
 b - a ring of protection from fire (left hand)
Scrolls
 f - a scroll of identify
Potions
 d - 2 potions of curing
 i - a potion of heal wounds {unknown}
 k - a potion of cancellation {unknown}
 l - a potion of haste {unknown}

Dungeon Overview and Level Annotations

Branches:
Dungeon (5/15)             Temple (0/1) D:5

Altars:
Hepliaklqana

Shops:
D:2 [

Annotations:
D:2 1 runed translucent door, Crazy Yiuf


Message History

You throw a javelin. The javelin pierces through the adder!
You kill the adder!
Found a staircase to the Ecumenical Temple.
6367 ||| PLANNING TEMPLE
6367 ||| UPGRADING to +0 kite shield.
You start putting on your armour.
You continue putting on your +0 kite shield. x4
You finish putting on your +0 kite shield.
6372 ||| UPGRADING to +3 chain mail.
You start removing your armour.
You continue taking off your +0 scale mail. x4
You finish taking off your +0 scale mail.
You start putting on your armour.
You continue putting on your +3 chain mail. x5
You finish putting on your +3 chain mail.
6382 ||| DROPPING +0 scale mail.
You drop a +0 scale mail.
(D) Dungeon (T) Temple
Where to? (* - list waypoints, Enter - D:5, ? - help)
Found a blackened lapis lazuli amulet.
An acid dragon comes into view.
The acid dragon roars!
You see here 16 gold pieces.
6388 ||| Stepping ~*~*~tactically~*~*~ (hiding).
You start waiting.
A quokka comes into view.
6391 ||| Stepping ~*~*~tactically~*~*~ (stealth).
You start waiting.
An acid dragon is nearby!
The acid dragon spits acid at you. The splash of acid hits you!!
The acid corrodes you!
You hit the acid dragon. Your kick misses the acid dragon.
The acid dragon is lightly wounded.
The acid dragon bites you! You block the acid dragon's attack.
You hit the acid dragon. Your kick misses the acid dragon.
The acid dragon is moderately wounded.
The acid dragon bites you. The acid dragon claws you.
The acid dragon spits acid at you. The splash of acid hits you!!
Ouch! That really hurt!
You die...

.......................
.##...#....##...........
.....#.##..............
#.##.......##..........
..##..#....:........
#.....#.##..........
#"#.##(........##.....
#......##.#..### #####
#.>$@..#.:#
#.....D##..[.#
...#.##...$##.# #
#...r##....# ..#.....#..
#.#..##.#..# . ... ....#
.. ...D ....# #.# ###


You could see an acid dragon (catching breath) and a quokka.

Vanquished Creatures
  An ogre (D:4)
  A kobold brigand (D:4)
  2 scorpions
  A hound (D:4)
  A jelly (D:3)
  A gnoll bouda (D:4)
  An orc priest (D:4)
  Jessica (D:2)
  4 iguanas
  2 orc wizards
  Robin (D:2)
  5 gnolls
  9 adders
  4 dart slugs
  5 orcs
  6 endoplasms
  3 giant cockroaches
  9 goblins
  9 hobgoblins
  3 jackals (D:4)
  6 kobolds
  A quokka (D:2)
  6 ball pythons
  A bat (D:2)
  2 frilled lizards (D:2)
  7 rats
92 creatures vanquished.

Vanquished Creatures (others)
  9 plants (D:2)
9 creatures vanquished.

Grand Total: 101 creatures vanquished

Notes
Turn   | Place    | Note
-------+----------+-------------------------------------------
     0 | D:1      | qw the Tengu Warper began the quest for the Orb.
     0 | D:1      | Reached XP level 1. HP: 12/12 MP: 4/4
     0 | D:1      | 0 ||| qw: Version: 0.1-a-89-g26bdef1
     0 | D:1      | 0 ||| qw: Game counter: 2534
     0 | D:1      | 0 ||| qw: Always use a shield: true
     0 | D:1      | 0 ||| qw: God list: Okawaru
     0 | D:1      | 0 ||| qw: Allow faded altars: false
     0 | D:1      | 0 ||| qw: Do Orc after D:15 true
     0 | D:1      | 0 ||| qw: Do second Lair branch before Depths: true
     0 | D:1      | 0 ||| qw: Lair rune preference: random
     0 | D:1      | 0 ||| qw: Plans: Normal
     0 | D:1      | 0 ||| PLANNING D:1-11
   118 | D:1      | Reached XP level 2. HP: 17/17 MP: 6/6
   120 | D:1      | Reached skill level 3 in Axes
   205 | D:1      | Found a faded altar of an unknown god.
   275 | D:1      | 275 ||| DROPPING +0 club.
   433 | D:1      | 433 ||| Stepping ~*~*~tactically~*~*~ (stealth).
   531 | D:1      | 531 ||| Stepping ~*~*~tactically~*~*~ (stealth).
   538 | D:1      | 538 ||| Stepping ~*~*~tactically~*~*~ (stealth).
   954 | D:1      | 954 ||| READING scroll labelled ROCVEO NEUXAVY.
   955 | D:1      | 955 ||| READING 4 scrolls labelled EREOHIRUAN.
   956 | D:1      | 956 ||| READING scroll labelled TEFIOCOUGO.
  1092 | D:1      | 1092 ||| READING 2 scrolls labelled CIRUNU MEXTAARCH.
  1095 | D:1      | 1095 ||| DRINKING 2 bubbling pink potions.
  1096 | D:1      | 1096 ||| DRINKING 2 sedimented red potions.
  1197 | D:1      | 1197 ||| READING 3 scrolls of identify.
  1197 | D:1      | 1197 ||| IDENTIFYING fizzy cyan potion
  1198 | D:1      | 1198 ||| READING 2 scrolls of identify.
  1198 | D:1      | 1198 ||| IDENTIFYING white potion
  1199 | D:1      | 1199 ||| DROPPING scroll of blinking.
  1200 | D:1      | 1200 ||| DROPPING potion of invisibility.
  1201 | D:1      | 1201 ||| DROPPING potion of lignification.
  1202 | D:1      | 1202 ||| DROPPING potion of ambrosia.
  1315 | D:2      | Reached XP level 3. HP: 18/21 MP: 7/7
  1410 | D:2      | Found a hazy altar of Hepliaklqana.
  1473 | D:2      | 1473 ||| Stepping ~*~*~tactically~*~*~ (stealth).
  1476 | D:2      | 1476 ||| Stepping ~*~*~tactically~*~*~ (stealth).
  1482 | D:2      | Noticed Jessica
  1483 | D:2      | 1483 ||| Stepping ~*~*~tactically~*~*~ (stealth).
  1485 | D:2      | Reached skill level 4 in Axes
  1488 | D:2      | 1488 ||| Stepping ~*~*~tactically~*~*~ (hiding).
  1489 | D:2      | 1489 ||| Stepping ~*~*~tactically~*~*~ (hiding).
  1492 | D:2      | HP: 3/21 [Jessica/+0 morningstar (9)]
  1493 | D:2      | 1493 ||| READING scroll of teleportation.
  1495 | D:2      | Killed Jessica
  1496 | D:2      | Reached XP level 4. HP: 3/26 MP: 8/8
  1910 | D:2      | 1910 ||| Stepping ~*~*~tactically~*~*~ (stealth).
  1914 | D:2      | Found Veor's Armour Shop.
  2063 | D:2      | 2063 ||| BUYING +0 ring mail (48 gold).
  2063 | D:2      | Bought a +0 ring mail for 48 gold pieces
  2063 | D:2      | 2063 ||| SHOPLISTING +0 scale mail (48 gold, have 46).
  2063 | D:2      | 2063 ||| SHOPLISTING +2 ring mail of poison resistance (216
                  | gold, have 46).
  2097 | D:2      | 2097 ||| Stepping ~*~*~tactically~*~*~ (stealth).
  2098 | D:2      | 2098 ||| Stepping ~*~*~tactically~*~*~ (stealth).
  2105 | D:2      | Reached skill level 5 in Axes
  2109 | D:2      | 2109 ||| Stepping ~*~*~tactically~*~*~ (stealth).
  2114 | D:2      | 2114 ||| Stepping ~*~*~tactically~*~*~ (stealth).
  2115 | D:2      | 2115 ||| Stepping ~*~*~tactically~*~*~ (stealth).
  2196 | D:2      | 2196 ||| Stepping ~*~*~tactically~*~*~ (stealth).
  2198 | D:2      | 2198 ||| Stepping ~*~*~tactically~*~*~ (hiding).
  2204 | D:2      | Noticed Robin
  2205 | D:2      | 2205 ||| FLEEEEING.
  2207 | D:2      | 2207 ||| FLEEEEING.
  2211 | D:2      | 2211 ||| STAIRDANCE
  2266 | D:1      | 2266 ||| UPGRADING to +0 ring mail.
  2276 | D:1      | 2276 ||| DROPPING +0 leather armour.
  2277 | D:1      | 2277 ||| READING scroll labelled DAONLAYZA MERPH.
  2278 | D:1      | 2278 ||| READING 2 scrolls of identify.
  2278 | D:1      | 2278 ||| IDENTIFYING purple potion
  2279 | D:1      | 2279 ||| DROPPING potion of flight.
  2300 | D:2      | 2300 ||| Stepping ~*~*~tactically~*~*~ (hiding).
  2307 | D:2      | Killed Robin
  2311 | D:2      | 2311 ||| Stepping ~*~*~tactically~*~*~ (stealth).
  2396 | D:2      | 2396 ||| DROPPING +0 whip.
  2407 | D:2      | 2407 ||| Stepping ~*~*~tactically~*~*~ (stealth).
  2423 | D:2      | 2423 ||| Stepping ~*~*~tactically~*~*~ (hiding).
  2778 | D:2      | Found a runed translucent door.
  2779 | D:2      | Noticed Crazy Yiuf
  2782 | D:2      | 2782 ||| UPGRADING to ring of protection from fire.
  2914 | D:3      | Gained mutation: Your magical nature lets you fly swiftly
                  | and evasively. [Tengu growth]
  2914 | D:3      | Reached XP level 5. HP: 12/30 MP: 9/9
  2958 | D:3      | 2958 ||| FLEEEEING.
  3663 | D:3      | 3663 ||| DROPPING ring of magical power.
  3664 | D:3      | 3664 ||| READING scroll labelled GABLEFROKI.
  3665 | D:3      | 3665 ||| DRINKING 2 golden potions.
  3666 | D:3      | 3666 ||| DROPPING potion of degeneration.
  3769 | D:4      | Noticed a kobold brigand
  3771 | D:4      | 3771 ||| Stepping ~*~*~tactically~*~*~ (stealth).
  3772 | D:4      | 3772 ||| Stepping ~*~*~tactically~*~*~ (stealth).
  3775 | D:4      | Reached skill level 6 in Axes
  3777 | D:4      | 3777 ||| Stepping ~*~*~tactically~*~*~ (stealth).
  3781 | D:4      | 3781 ||| FLEEEEING.
  3782 | D:4      | 3782 ||| FLEEEEING.
  3786 | D:4      | 3786 ||| FLEEEEING.
  3787 | D:4      | 3787 ||| FLEEEEING.
  3788 | D:4      | 3788 ||| FLEEEEING.
  3789 | D:4      | 3789 ||| FLEEEEING.
  3790 | D:4      | 3790 ||| FLEEEEING.
  3791 | D:4      | 3791 ||| FLEEEEING.
  3792 | D:4      | 3792 ||| FLEEEEING.
  3803 | D:4      | 3803 ||| FLEEEEING.
  3808 | D:4      | 3808 ||| STAIRDANCE
  3944 | D:4      | HP: 6/30 [kobold brigand/+0 short sword (2)]
  3945 | D:4      | Killed a kobold brigand
  3946 | D:4      | Reached XP level 6. HP: 7/35 MP: 10/10
  3946 | D:4      | 3946 ||| STAIRDANCE
  4536 | D:4      | Reached skill level 7 in Axes
  4611 | D:4      | 4611 ||| FLEEEEING.
  4612 | D:4      | 4612 ||| FLEEEEING.
  4681 | D:4      | 4681 ||| Stepping ~*~*~tactically~*~*~ (stealth).
  4683 | D:4      | 4683 ||| Stepping ~*~*~tactically~*~*~ (stealth).
  4728 | D:4      | 4728 ||| Stepping ~*~*~tactically~*~*~ (stealth).
  4754 | D:4      | Reached skill level 3 in Fighting
  4876 | D:4      | Reached XP level 7. HP: 36/41 MP: 11/11
  4929 | D:4      | 4929 ||| Stepping ~*~*~tactically~*~*~ (hiding).
  4942 | D:4      | 4942 ||| DRINKING 3 potions of curing.
  4942 | D:4      | 4942 ||| (to cure confusion)
  5200 | D:4      | 5200 ||| Stepping ~*~*~tactically~*~*~ (stealth).
  5232 | D:4      | 5232 ||| Stepping ~*~*~tactically~*~*~ (stealth).
  5234 | D:4      | 5234 ||| Stepping ~*~*~tactically~*~*~ (hiding).
  5241 | D:4      | Reached skill level 8 in Axes
  5244 | D:4      | HP: 8/41 [gnoll bouda/+0 club (9)]
  5245 | D:4      | 5245 ||| READING scroll of teleportation.
  5292 | D:4      | 5292 ||| FLEEEEING.
  5293 | D:4      | 5293 ||| FLEEEEING.
  5294 | D:4      | 5294 ||| FLEEEEING.
  5301 | D:4      | 5301 ||| FLEEEEING.
  5311 | D:4      | 5311 ||| STAIRDANCE
  5500 | D:3      | 5500 ||| READING 2 scrolls of identify.
  5500 | D:3      | 5500 ||| IDENTIFYING clear potion
  5501 | D:3      | 5501 ||| DROPPING potion of brilliance.
  5507 | D:4      | 5507 ||| STAIRDANCE
  5580 | D:4      | 5580 ||| Stepping ~*~*~tactically~*~*~ (stealth).
  5581 | D:4      | 5581 ||| Stepping ~*~*~tactically~*~*~ (stealth).
  5583 | D:4      | 5583 ||| Stepping ~*~*~tactically~*~*~ (stealth).
  5610 | D:4      | 5610 ||| Stepping ~*~*~tactically~*~*~ (stealth).
  5611 | D:4      | 5611 ||| Stepping ~*~*~tactically~*~*~ (stealth).
  5612 | D:4      | 5612 ||| Stepping ~*~*~tactically~*~*~ (stealth).
  5778 | D:4      | 5778 ||| UPGRADING to +0 scale mail.
  5788 | D:4      | 5788 ||| DROPPING +0 ring mail.
  5805 | D:5      | Entered Level 5 of the Dungeon
  5949 | D:5      | 5949 ||| SWAPPING to +0 war axe.
  5950 | D:5      | 5950 ||| DROPPING +0 hand axe.
  6176 | D:5      | 6176 ||| Stepping ~*~*~tactically~*~*~ (stealth).
  6178 | D:5      | 6178 ||| Stepping ~*~*~tactically~*~*~ (hiding).
  6270 | D:5      | 6270 ||| Stepping ~*~*~tactically~*~*~ (stealth).
  6366 | D:5      | Found a staircase to the Ecumenical Temple.
  6367 | D:5      | 6367 ||| PLANNING TEMPLE
  6367 | D:5      | 6367 ||| UPGRADING to +0 kite shield.
  6372 | D:5      | 6372 ||| UPGRADING to +3 chain mail.
  6382 | D:5      | 6382 ||| DROPPING +0 scale mail.
  6388 | D:5      | 6388 ||| Stepping ~*~*~tactically~*~*~ (hiding).
  6391 | D:5      | 6391 ||| Stepping ~*~*~tactically~*~*~ (stealth).
  6396 | D:5      | HP: 9/41 [acid dragon (5)]
  6396 | D:5      | Killed from afar by an acid dragon

Levels and vault maps discovered:
D:1:      amcnicky_arrival_abandoned_market, layout_basic,
          basic_ecumenical_altar, chequers_serial_rivers_room_a
D:2:      cheibrodos_old_hovel, layout_loops_ring, basic_altar, serial_shops,
          nicolae_diamond_shop, uniq_crazy_yiuf_cottage, uniq_jessica,
          uniq_robin
D:3:      layout_basic
D:4:      minmay_skewed_foursquare, layout_loops_ring
D:5:      layout_rooms, nicolae_ru_great_annihilating_truth,
          minmay_temple_entry_ruins, kennysheep_opposing_triangles

Skill      XL: |  1  2  3  4  5  6  7 |
---------------+----------------------+-----
Axes           | 3 4 5 6 7 8 |  8.8
Fighting       | 3 |  3.4
Throwing       | 2 |  2.0
Armour         | |  1.1
Dodging        | |  2.1
Spellcasting   | |  2.0
Translocations | |  2.4

Action                   |  1- 3 |  4- 6 |  7- 9 || total
-------------------------+-------+-------+-------++-------
Melee: Hand axe          |    56 |   129 |    51 ||   236
       Kick              |    14 |    37 |    18 ||    69
       Peck              |    13 |    22 |    15 ||    50
       Punch             |     1 |     2 |       ||     3
       War axe           |       |       |    20 ||    20
Throw: Boomerang         |     7 |       |       ||     7
       Javelin           |       |    20 |    15 ||    35
  Use: Scroll            |     7 |     3 |     2 ||    12
       Potion            |     2 |     1 |     1 ||     4
 Stab: Distracted        |       |     1 |       ||     1
Armor: Leather armour    |    15 |     4 |       ||    19
       Ring mail         |       |    12 |     5 ||    17
       Scale mail        |       |       |     3 ||     3
Dodge: Dodged            |    22 |    65 |    34 ||   121
Block: Kite shield       |       |       |     1 ||     1

Table legend:
 A = Non-vault XP
 B = Vault XP
 C = Vault XP percentage of total XP
 D = Non-vault monster count
 E = Vault monster count
 F = Vault count percentage of total count
                 A         B        C        D         E       F
            +---------+---------+-------+---------+---------+-------
      Total |     636 |     508 |  44.4 |      69 |      23 |  25.0
            +---------+---------+-------+---------+---------+-------
        D:1 |      29 |       0 |   0.0 |      14 |       0 |   0.0
        D:2 |      36 |      84 |  70.0 |      15 |      12 |  44.4
        D:3 |      69 |       0 |   0.0 |      10 |       0 |   0.0
        D:4 |     380 |     289 |  43.2 |      26 |       7 |  21.2
        D:5 |     122 |     135 |  52.5 |       4 |       4 |  50.0
            +---------+---------+-------+---------+---------+-------
